 Dungeon Crawl Stone Soup version 0.27-a0-401-gea03ee85fd (webtiles) character file.

Game seed: 18340298944907586477

884 miscthings the Basher (level 7, -17/52 HPs)
             Began as a Demonspawn Chaos Knight on Feb 22, 2021.
             Was a Plaything of Xom.
             Demolished by a naga (22 damage)
             ... on level 3 of the Dungeon.
             The game lasted 00:04:23 (2457 turns).

miscthings the Basher (Demonspawn Chaos Knight)     Turns: 2457, Time: 00:04:24

Health: -17/52     AC:  5    Str: 14    XL:     7   Next: 76%
Magic:  7/7        EV:  8    Int: 14    God:    Xom [...*..]
Gold:   161        SH:  0    Dex: 14    Spells: 6/6 levels left

rFire    . . .     SeeInvis .   a - +0 mace (chaos)
rCold    . . .     Faith    +   (no shield)
rNeg     . . .     Spirit   .   b - +2 leather armour
rPois    .         Reflect  .   (helmet restricted)
rElec    .         Harm     .   (no cloak)
rCorr    .         Rampage  .   (no gloves)
Will     .....                  (no boots)
Stlth    +.........             h - amulet of faith
HPRegen  0.17/turn              (no ring)
MPRegen  0.10/turn              (no ring)

@: constricted, invisible
A: antennae 1, talons 2, agile 1, high mp 1, wild magic 1, sturdy frame 1,
demonic magic 1
a: Renounce Religion


You were on level 3 of the Dungeon.
You worshipped Xom.
You were a favourite toy of Xom.
You visited 1 branch of the dungeon, and saw 4 of its levels.
You also visited: Sewer.

You collected 161 gold pieces.

Inventory:

Hand Weapons
 a - a +0 mace of chaos (weapon)
Armour
 b - a +2 leather armour (worn)
 g - a +0 ring mail of cold resistance
Jewellery
 e - an amulet of guardian spirit
 h - an amulet of faith (around neck)
Scrolls
 c - a scroll of amnesia
 j - a scroll of identify {@r1}
 k - a scroll of enchant armour {unknown}
 m - a scroll of blinking {unknown}
Potions
 d - a potion of mutation
 i - a potion of attraction
 l - a potion of heal wounds


   Skills:
 - Level 3.0 Fighting
 + Level 8.6 Maces & Flails
 - Level 1.7 Armour
 - Level 0.8 Dodging


You had 6 spell levels left.
You didn't know any spells.
Your spell library was empty.

Dungeon Overview and Level Annotations

Branches:
Dungeon (4/15)              Sewer (visited)
 Temple: D:4-7

Altars:
Fedhas
Yredelemnul


Innate Abilities, Weirdness & Mutations

You have razor-sharp toenails.
Your movements are slightly less encumbered by armour. (ER -2)
Spells you cast may paralyse adjacent enemies.
You have a pair of small antennae on your head.
You are agile. (Dex +2)
You have an increased reservoir of magic. (+10% MP)
Your spells are a little harder to cast, but a little more powerful.


Message History

The adder bites you but does no damage. The adder bites you.
The adder bites you but does no damage. The adder closely misses you.
There is a stone staircase leading up here.
You hit the adder. You drain the adder.
The adder is severely wounded.
The adder bites you but does no damage. x2
You hit the adder but do no damage.
The adder seems to slow down.
The adder is severely wounded. "This might be better!"
The orc priest evaporates and reforms as a naga!
The adder barely misses you.
You barely miss the adder.
The adder is severely wounded.
The orc priest begins to cast a cantrip, but forgets the words!
The adder bites you but does no damage. The adder misses you.
The naga hits you. The naga closely misses you.
You climb upwards.
There is a stone staircase leading down here.
You closely miss the adder.
The adder is severely wounded.
The adder misses you. The naga hits you but does no damage. The naga grabs you.
The naga constricts you.
You sock the adder!
You feel better.
You kill the adder!
The naga hits you. The naga constricts you.
You barely miss the naga. The naga hits you! The naga constricts you.
You hit the naga but do no damage. You claw the naga, but do no damage.
The naga closely misses you. The naga constricts you.
You hit the naga but do no damage.
The naga goes berserk!
The naga hits you!
* * * LOW HITPOINT WARNING * * *
x2 The naga constricts you.
Okay, then.
You fade into invisibility!
The naga barely misses you.
* * * LOW HITPOINT WARNING * * *
The naga constricts you. The naga hits you!!
You die...
Xom cackles wildly!

####.....#*
######.#8.....8*
#.....###.....##
#.####.##8...8#
#.# ####.....##
#.# #8.....8#
#.# *#.....#*
#.# #8†N.8# #.#
*##@##* #.#
##### #.# #..##
#.########.##
#..........#
###.######## #.#
#†# ########.#


You could see a naga (berserk).

Vanquished Creatures
  A two-headed ogre (D:3)
  A centaur (Sewer)
  A howler monkey (D:4)
  An orc wizard (D:3)
  5 adders
  4 worms
  A dart slug (D:1)
  A leopard gecko (D:2)
  2 orcs (D:3)
  A ball python (D:3)
  5 giant cockroaches
  9 goblins
  10 hobgoblins
  8 bats
  5 frilled lizards
  6 kobolds
  9 rats
70 creatures vanquished.

Notes
Turn   | Place    | Note
-------+----------+-------------------------------------------
     0 | D:1      | miscthings the Demonspawn Chaos Knight began the quest for
                  | the Orb.
     0 | D:1      | Reached XP level 1. HP: 18/18 MP: 1/1
   197 | D:1      | Reached skill level 3 in Maces & Flails
   214 | D:1      | XOM: butterfly on damage
   226 | D:1      | Gained mutation: You have sharp toenails. [demonic
                  | ancestry]
   226 | D:1      | Reached XP level 2. HP: 15/24 MP: 2/2
   633 | D:2      | Found a blossoming altar of Fedhas.
   742 | D:2      | Gained mutation: Spells you cast may paralyse adjacent
                  | enemies. [demonic ancestry]
   742 | D:2      | Reached XP level 3. HP: 27/29 MP: 3/3
   754 | D:2      | Reached skill level 4 in Maces & Flails
   910 | D:2      | XOM: noise
  1403 | D:3      | Reached XP level 4. HP: 31/35 MP: 4/4
  1406 | D:3      | Noticed a two-headed ogre
  1505 | D:3      | Killed a two-headed ogre
  1506 | D:3      | Reached skill level 8 in Maces & Flails
  1506 | D:3      | Gained mutation: Your movements are slightly less
                  | encumbered by armour. (ER -2) [demonic ancestry]
  1506 | D:3      | Reached XP level 5. HP: 40/41 MP: 5/5
  1506 | D:3      | Gained mutation: You have razor-sharp toenails. [demonic
                  | ancestry]
  1506 | D:3      | Reached XP level 6. HP: 46/47 MP: 6/6
  1506 | D:3      | Reached XP level 7. HP: 51/52 MP: 7/7
  1547 | D:3      | XOM: god gift: 33 gold pieces
  1563 | D:3      | Found a glowing drain.
  1577 | Sewer    | Entered a sewer
  1623 | Sewer    | Noticed Purgy
  1625 | Sewer    | XOM: silly message
  1632 | Sewer    | Noticed Purgy
  1632 | Sewer    | Purgy changed into Purgy the centaur
  1638 | Sewer    | Killed Purgy the centaur
  1750 | D:3      | Found a basalt altar of Yredelemnul.
  2395 | D:4      | XOM: give mutations
  2395 | D:4      | Gained mutation: Your spells are a little harder to cast,
                  | but a little more powerful. [Xom's grace]
  2395 | D:4      | Gained mutation: You have a pair of small antennae on your
                  | head. [Xom's grace]
  2395 | D:4      | Gained mutation: You have an increased reservoir of magic.
                  | (+10% MP) [Xom's grace]
  2395 | D:4      | Gained mutation: You are agile. (Dex +2) [Xom's grace]
  2448 | D:4      | XOM: polymorph orc priest -> naga
  2457 | D:3      | Demolished by a naga

Illustrated notes

Levels and vault maps discovered:
D:1:      lightli_arrival_maybe_door_vault, layout_basic
D:2:      layout_loops_cross, old_standard_altar
D:3:      layout_loops_ring, nicolae_overflow_hidden_temple,
          gup_sewer_entry_glass
D:4:      layout_cave_pods

Skill      XL: |  1  2  3  4 |
---------------+-------------+-----
Maces & Flails | 3 4 8 |  8.6
Fighting       | |  3.0
Armour         | |  1.7
Dodging        | |  0.8

Action                   |  1- 3 |  4- 6 |  7- 9 || total
-------------------------+-------+-------+-------++-------
Melee: Mace              |   105 |    11 |    73 ||   189
       Kick              |    13 |       |    13 ||    26
  Use: Scroll            |       |     4 |     4 ||     8
       Potion            |       |     4 |     1 ||     5
 Stab: Sleeping          |       |       |     3 ||     3
Armor: Leather armour    |    38 |     1 |    22 ||    61
       Skin              |       |    18 |     5 ||    23
Dodge: Dodged            |    72 |     7 |    43 ||   122

Table legend: (Time is in decaauts)
 A = Elapsed time spent in this place.
 B = Non-inter-level travel time spent in this place.
 C = Inter-level travel time spent in this place.
 D = Time resting spent in this place.
 E = Time spent auto-exploring this place.
 F = Levels seen in this place.
 G = Mean time per level.
                   A        B        C        D        E       F      G
               +--------+--------+--------+--------+--------+-----+--------+
         Total |   2484 |   2456 |     28 |    107 |   1665 |   5 |  496.8 |
       Dungeon |   2328 |   2300 |     28 |    107 |   1622 |   4 |  582.0 |
         Sewer |    156 |    156 |      0 |      0 |     43 |   1 |  156.0 |
               +--------+--------+--------+--------+--------+-----+--------+

Top non-repeatable levels by time:
     D:2: 744 daAuts
     D:3: 721 daAuts
     D:1: 621 daAuts
     D:4: 241 daAuts
   Sewer: 156 daAuts
